 Dungeon Crawl Stone Soup version 0.26-a0-113-gd8a95b691d (webtiles) character file.

Game seed: 2867774402368567841

1645 Gargoyl the Chopper (level 8, -10/67 HPs)
             Began as a Centaur Abyssal Knight on June 25, 2020.
             Was a Priest of Lugonu.
             Mangled by an orc warrior
             ... wielding a +0 dire flail
              (20 damage)
             ... on level 8 of the Dungeon.
             The game lasted 00:09:10 (6353 turns).

Gargoyl the Chopper (Centaur Abyssal Knight)        Turns: 6353, Time: 00:09:11

Health: -10/67     AC:  8    Str: 21    XL:     8   Next: 67%
Magic:  20/20      EV:  9    Int: 11    God:    Lugonu [***...]
Gold:   199        SH:  0    Dex: 10    Spells: 7/7 levels left

rFire    + . .     SeeInvis .   l - +12 battleaxe of Kindness {vorpal, *Slow +Rage rN+ Str+5}
rCold    . . .     Faith    .   (shield currently unavailable)
rNeg     + . .     Spirit   .   q - +1 scale mail {MR+}
rPois    .         Reflect  .   (no helmet)
rElec    .         Harm     .   (no cloak)
rCorr    .                      (no gloves)
MR       +....                  (no barding)
Stlth    ..........             (no amulet)
HPRegen  0.21/turn              e - ring of protection from fire
MPRegen  0.17/turn              h - ring of magical power

@: very quick
A: large, hooves 3, deformed body, speed 2, tough skin 3
a: Depart the Abyss, Bend Space, Banish, Renounce Religion, Evoke Berserk Rage


You were on level 8 of the Dungeon.
You worshipped Lugonu.
Lugonu was most pleased with you.
You were not hungry.

You visited 1 branch of the dungeon, and saw 8 of its levels.
You visited the Abyss 1 time.

You collected 199 gold pieces.

Inventory:

Hand Weapons
 a - a +3 hand axe
 l - the +12 battleaxe of Kindness (weapon) {vorpal, *Slow +Rage rN+ Str+5}
   (You took it off an orc on level 4 of the Dungeon)

   It inflicts extra damage upon your enemies.
   It affects your strength (+5).
   It protects you from negative energy.
   It lets you go berserk.
   It may slow you when you take damage.
Missiles
 r - 2 boomerangs (quivered)
Armour
 q - a +1 scale mail of magic resistance (worn)
Jewellery
 e - a ring of protection from fire (left hand)
 h - a ring of magical power (right hand)
Wands
 v - a wand of digging (4)
Scrolls
 d - 2 scrolls of enchant armour
 f - 3 scrolls of identify
 n - 3 scrolls of remove curse
Potions
 b - 2 potions of resistance
 g - 2 potions of curing {unknown}
 i - a potion of heal wounds
 j - 2 potions of lignification
 k - 2 potions of degeneration {unknown}
 o - a potion of ambrosia {unknown}
 p - a potion of brilliance {unknown}
 s - a potion of mutation {unknown}
 u - a potion of stabbing {unknown}
 w - a potion of flight {unknown}
Comestibles
 c - 9 rations
 t - 4 chunks of flesh


   Skills:
 + Level 4.8 Fighting
 + Level 5.6 Axes
 + Level 0.1 Throwing
 * Level 4.5 Armour
 * Level 3.0 Dodging
   Level 0.3 Shields
 * Level 5.1 Invocations


You had 7 spell levels left.
You didn't know any spells.
Your spell library was empty.

Dungeon Overview and Level Annotations

Branches:
Dungeon (9/15)
 Temple: D:4-7         Lair: D:8-11         Orc: D:9-12

Altars:
Gozag

Annotations:
D:4 1 runed translucent door, MarredHen's ghost, amateur KoCK


Innate Abilities, Weirdness & Mutations

You have hooves in place of feet.
Armour fits poorly on your strangely shaped body.
You cover ground very quickly.
You have extremely tough skin. (AC +3)


Message History

The orc barely misses you.
An orc comes into view.
You slash the orc!
You kill the orc!
Lugonu accepts your kill.
An orc wizard comes into view. It is wielding a +0 dagger.
You hit the orc warrior. Your kick misses the orc warrior.
The orc warrior is moderately wounded.
The orc warrior hits you with a +0 dire flail!
* * * LOW HITPOINT WARNING * * *
The orc warrior closely misses you.
Some of the chunks of flesh in your inventory have rotted away.
You hit the orc warrior. Your kick misses the orc warrior.
The orc warrior is moderately wounded.
An orc wizard comes into view. It is wielding a +0 dagger.
The orc warrior hits you but does no damage.
You hit the orc warrior but do no damage.
The orc warrior is moderately wounded.
The orc warrior hits you with a +0 dire flail!!
You die...

###..#
....o
.#.o##
..o%. ...#
#..## #.o.#
# #@.#
..#..###†>#
........#.#
###..##.#%#
... #.#.# .
..#.# ###.#
#.# #.#


You could see an orc warrior, 2 orc wizards and an orc.

Vanquished Creatures
  A hungry ghost (D:5)
  Duvessa (D:4)
  A sky beast (D:8)
  2 phantoms (D:4)
  A necrophage (D:5)
  2 centaurs
  Dowan (D:4)
  2 water moccasin zombies
  5 howler monkeys
  A bullfrog zombie (D:5)
  A centaur skeleton (D:4)
  An orc priest (D:5)
  2 hounds
  An orc wizard (D:5)
  4 worker ants
  Natasha (D:4)
  An iguana (D:9)
  A hound zombie (D:9)
  A hound skeleton (D:5)
  7 adders
  2 shadow imps (D:9)
  2 adder zombies
  8 worms
  7 leopard geckos
  18 orcs
  A giant cockroach (D:1)
  5 goblins
  3 hobgoblins
  6 jackals
  5 kobolds (D:3)
  A quokka (D:3)
  6 bats
  4 frilled lizards
  7 rats
112 creatures vanquished.

Vanquished Creatures (others)
  A withered plant (D:4)
1 creature vanquished.

Grand Total: 113 creatures vanquished

Notes
Turn   | Place    | Note
-------+----------+-------------------------------------------
     0 | Abyss:1  | Gargoyl the Centaur Abyssal Knight began the quest for the
                  | Orb.
     0 | Abyss:1  | Reached XP level 1. HP: 19/19 MP: 2/2
    57 | Abyss:3  | Noticed a large abomination
    83 | Abyss:4  | Noticed a large abomination
   101 | Abyss:4  | Noticed a large abomination
   116 | Abyss:5  | Entered Level 5 of the Abyss
   116 | Abyss:5  | Found a corrupted altar of Lugonu.
   116 | Abyss:5  | Noticed a large abomination
   116 | Abyss:5  | Noticed a cacodemon
   116 | Abyss:5  | Noticed a small abomination
   116 | Abyss:5  | Noticed a large abomination
   116 | Abyss:5  | Noticed a small abomination
   116 | Abyss:5  | Noticed a shining eye
   116 | Abyss:5  | Noticed a large abomination
   116 | Abyss:5  | Noticed a cacodemon
   116 | Abyss:5  | Noticed a flying skull
   116 | Abyss:5  | Noticed a glowing orange brain
   116 | Abyss:5  | Noticed a small abomination
   116 | Abyss:5  | Noticed an eye of draining
   116 | Abyss:5  | Noticed a large abomination
   116 | Abyss:5  | Noticed a small abomination
   116 | Abyss:5  | Noticed a large abomination
   117 | D:1      | Escaped the Abyss
   200 | D:1      | Reached * piety under Lugonu
   488 | D:1      | Reached XP level 2. HP: 26/26 MP: 3/3
   908 | D:2      | Reached skill level 1 in Dodging
  1445 | D:2      | Reached XP level 3. HP: 31/31 MP: 4/4
  2807 | D:3      | Reached XP level 4. HP: 38/38 MP: 5/5
  2900 | D:3      | Reached ** piety under Lugonu
  3242 | D:3      | Found an opulent altar of Gozag.
  3411 | D:4      | Reached XP level 5. HP: 26/45 MP: 7/7
  3561 | D:4      | Noticed Duvessa
  3561 | D:4      | Noticed Dowan
  3574 | D:5      | Entered Level 5 of the Dungeon
  3645 | D:4      | Killed Duvessa
  3645 | D:4      | Reached XP level 6. HP: 40/52 MP: 8/8
  3663 | D:4      | Killed Dowan
  3947 | D:4      | Found a runed translucent door.
  3948 | D:4      | Noticed MarredHen's ghost (amateur KoCK)
  3955 | D:4      | Noticed Natasha
  3961 | D:4      | Killed Natasha
  4309 | D:4      | Reached XP level 7. HP: 40/58 MP: 9/9
  4402 | D:4      | Identified the +12 battleaxe of Kindness {vorpal, *Slow
                  | +Rage rN+ Str+5}
  5005 | D:5      | Noticed a hungry ghost
  5023 | D:5      | Killed a hungry ghost
  5589 | D:5      | Reached XP level 8. HP: 67/67 MP: 11/11
  5828 | D:5      | Reached *** piety under Lugonu
  6177 | D:6      | You fall into a shaft and drop 3 floors!
  6201 | D:9      | Reached skill level 5 in Axes
  6326 | D:8      | Reached skill level 5 in Invocations
  6353 | D:8      | Mangled by an orc warrior

Illustrated notes

Levels and vault maps discovered:
D:1:      giann_wishing_wells, layout_loops_cross
D:2:      layout_loops_ring
D:3:      layout_rooms, grunt_gozag_breadcrumbs
D:4:      layout_basic, gammafunk_ghost_grave, first_ration, minivault_14,
          minmay_checkerbox, uniq_natasha, uniq_duvessa
D:5:      layout_basic, minivault_1, minmay_puff
D:6:      layout_rooms, serial_shops, kennysheep_mini_moat,
          nicolae_ru_the_path_less_chosen, uniq_crazy_yiuf_cottage
D:8:      layout_basic, serial_shops, shop, hangedman_little_slice_of_home
D:9:      layout_small_grid, nicolae_overflow_hidden_temple, grunt_ministairs_1,
          hangedman_abyss_or_decor_jellyfish_corner

Skill      XL: |  1  2  3  4  5  6  7  8 |
---------------+-------------------------+-----
Axes           | 2 3 4 5 |  5.6
Dodging        | 1 2 3 |  3.0
Armour         | 2 3 4 |  4.5
Invocations    | 3 4 5 |  5.1
Fighting       | 4 |  4.8
Throwing       | |  0.1
Shields        | |  0.3

Action                   |  1- 3 |  4- 6 |  7- 9 || total
-------------------------+-------+-------+-------++-------
Melee: Hand axe          |   122 |   147 |     3 ||   272
       Kick              |    16 |    33 |    15 ||    64
       Battleaxe         |       |       |   104 ||   104
Throw: Boomerang         |       |     1 |       ||     1
Invok: Depart the Abyss  |     1 |       |       ||     1
  Use: Scroll            |     7 |     4 |     2 ||    13
       Potion            |     1 |     2 |     2 ||     5
  Eat: Chunk             |     4 |     4 |     7 ||    15
       Ration            |       |       |     2 ||     2
Armor: Leather armour    |    58 |    13 |       ||    71
       Skin              |     2 |       |       ||     2
       Scale mail        |       |    64 |    51 ||   115
Dodge: Dodged            |    73 |    48 |    38 ||   159
Block: Tower shield      |       |    30 |     1 ||    31

Table legend:
 A = Non-vault XP
 B = Vault XP
 C = Vault XP percentage of total XP
 D = Non-vault monster count
 E = Vault monster count
 F = Vault count percentage of total count
                 A         B        C        D         E       F
            +---------+---------+-------+---------+---------+-------
      Total |    1775 |     576 |  24.5 |      99 |      13 |  11.6
            +---------+---------+-------+---------+---------+-------
        D:1 |      21 |       0 |   0.0 |      14 |       0 |   0.0
        D:2 |      21 |       0 |   0.0 |       6 |       0 |   0.0
        D:3 |     110 |       0 |   0.0 |      29 |       0 |   0.0
        D:4 |     188 |     437 |  69.9 |      10 |       7 |  41.2
        D:5 |     682 |     127 |  15.7 |      22 |       5 |  18.5
        D:6 |      40 |       0 |   0.0 |       1 |       0 |   0.0
        D:8 |     380 |       0 |   0.0 |       7 |       0 |   0.0
        D:9 |     333 |      12 |   3.5 |      10 |       1 |   9.1
            +---------+---------+-------+---------+---------+-------
